 Dungeon Crawl Stone Soup version 0.31-a0-16-g6d2539766c (webtiles) character file.

Game seed: 9840329889179468200

25 bande the Shield-Bearer (level 3, -2/23 HPs)
             Began as a Gargoyle Fighter on May 9, 2023.
             Slain by Sigmund
             ... wielding a +0 scythe
              (10 damage)
             ... on level 2 of the Dungeon.
             The game lasted 00:01:36 (824 turns).

bande the Shield-Bearer (Gargoyle Fighter)           Turns: 824, Time: 00:01:37

Health: -2/23      AC: 10    Str: 19    XL:     3   Next: 6%
Magic:  3/3        EV:  9    Int:  8    God:
Gold:   28         SH:  4    Dex: 11    Spells: 2/2 levels left

rFire   . . .        a - +0 war axe
rCold   . . .        c - +0 buckler
rNeg    + . .        b - +0 scale mail
rPois   ∞            (no helmet)
rElec   +            (no cloak)
rCorr   .            (no gloves)
SInv    .            (no boots)
Will    .....        (no amulet) Stlth
                     (no ring)
HPRegen 0.23/turn    (no ring)
MPRegen 0.08/turn

%: no passive effects
@: mighty
A: sickness immunity, AC +3, negative energy resistance 1, electricity
resistance, torment resistance 1, petrification resistance
a: no special abilities


You were on level 2 of the Dungeon.
You visited 1 branch of the dungeon, and saw 2 of its levels.

You collected 28 gold pieces.

Inventory:

Hand Weapons
 a - a +0 war axe (weapon)
Armour
 b - a +0 scale mail (worn)
 c - a +0 buckler (worn)
Scrolls
 e - a scroll of identify {unknown}
 f - a scroll of poison {unknown}


   Skills:
 + Level 3.6 Fighting
 + Level 2.1 Axes
 + Level 3.6 Armour
 + Level 3.7 Shields


You had 2 spell levels left.
You didn't know any spells.
Your spell library was empty.

Dungeon Overview and Level Annotations

Branches:
Dungeon (2/15)

Altars:

Annotations:
D:2 Sigmund


Innate Abilities, Weirdness & Mutations

You are immune to sickness and miasma.
Your stone body is resilient. (AC +3)
You are immune to poison.
You resist negative energy. (rN+)
You are resistant to electric shocks. (rElec)
You are resistant to unholy torment.
You are immune to petrification.


Message History

Partly explored, can't reach some places.
Partly explored, can't reach some places.
Partly explored, can't reach some places.
There is a stone staircase leading down here.
You climb downwards.
Sigmund shouts!
Found an Inescapable Atlas.
There is a stone staircase leading up here.
The goblin barely misses you.
You climb upwards.
There is a stone staircase leading down here.
You barely miss the goblin. The goblin hits you with a +0 dagger.
You barely miss the goblin. The goblin hits you but does no damage.
You slash the goblin!
You kill the goblin!
No target in view!
No target in view!
No target in view!
You start resting.
HP restored.
You start waiting.
Done waiting.
You feel very mighty all of a sudden.
You climb downwards.
Level annotation: Sigmund
There is a stone staircase leading up here.
Found a long sword.
Sigmund gestures wildly while chanting.
Sigmund flickers and vanishes!
Deactivating autopickup; reactivate with Ctrl-A.
Something hits you but does no damage.
You closely miss something. Something hits you but does no damage.
You miss something. Something hits you.
You closely miss something. Something hits you!
You slash something!
You hear some strange, mumbled words.
Something tries to affect you, but you resist.
You barely miss something. Something hits you.
You closely miss something. Something hits you!
You die...

...#### .# ......
.. )...# .# ...#
.# #..# .# ###
#..# .#
.....#..##.######
#..{@.<......#
#.#..##.####.#
#:.# .# ..... .#
###..# ## ...#
##.## #.


There were no monsters in sight!

Vanquished Creatures
  A dart slug (D:1)
  6 bats (D:1)
  A giant cockroach (D:1)
  2 goblins (D:1)
  A hobgoblin (D:1)
  A quokka (D:1)
  4 ball pythons (D:1)
  A frilled lizard (D:1)
  2 kobolds (D:1)
  3 rats (D:1)
22 creatures vanquished.

Notes
Turn   | Place    | Note
-------+----------+-------------------------------------------
     0 | D:1      | bande the Gargoyle Fighter began the quest for the Orb.
     0 | D:1      | Reached XP level 1. HP: 14/14 MP: 1/1
    83 | D:1      | Reached XP level 2. HP: 10/19 MP: 2/2
   516 | D:1      | Reached XP level 3. HP: 23/23 MP: 3/3
   705 | D:2      | Noticed Sigmund
   824 | D:2      | Slain by Sigmund

Illustrated notes

Levels and vault maps discovered:
D:1:      nagdon_arrival_zigzag_paths, layout_basic,
          chequers_serial_rivers_large_b
D:2:      layout_loops_ring, palyth_stone_intersect, minmay_pentomino_s2,
          uniq_sigmund, uniq_terence, uniq_jessica

Skill      XL: |  1  2 |
---------------+-------+-----
Axes           | 2 |  2.1
Fighting       | |  3.6
Armour         | |  3.6
Shields        | |  3.7

Action                     || total
---------------------------++-------
  Melee: War axe           ||    53
    Use: Potion            ||     1
 Armour: Scale mail        ||    34
  Dodge: Dodged            ||    36
  Block: Buckler           ||    12

Table legend: (Time is in decaauts)
 A = Elapsed time spent in this place.
 B = Non-inter-level travel time spent in this place.
 C = Inter-level travel time spent in this place.
 D = Time resting spent in this place.
 E = Time spent auto-exploring this place.
 F = Levels seen in this place.
 G = Mean time per level.
                   A        B        C        D        E       F      G
               +--------+--------+--------+--------+--------+-----+--------+
         Total |    874 |    851 |     23 |    122 |    584 |   2 |  437.0 |
       Dungeon |    874 |    851 |     23 |    122 |    584 |   2 |  437.0 |
               +--------+--------+--------+--------+--------+-----+--------+

Top non-repeatable levels by time:
     D:1: 861 daAuts
     D:2: 13 daAuts
